 Dungeon Crawl Stone Soup version 0.23.2-30-g0e89c35649 (webtiles) character file.

Game seed: 12553596641565074433

15248 Matador8 the Slicer (level 11, -7/81 HPs)
             Began as a Vampire Enchanter on June 19, 2019.
             Was a High Priest of Nemelex Xobeh.
             Mangled by an eight-headed hydra (8 damage)
             ... on level 2 of the Lair of Beasts.
             The game lasted 02:00:46 (17697 turns).

Matador8 the Slicer (Vampire Enchanter)            Turns: 17697, Time: 02:00:46

Health: -7/81      AC:  0    Str:  8    XL:     11   Next: 99%
Magic:  14/15      EV: 26    Int: 19    God:    Nemelex Xobeh [*****.]
Gold:   680        SH:  3    Dex: 21    Spells: 2/15 levels left

rFire    . . .     SeeInvis +   (weapon currently unavailable)
rCold    + + .     Gourm    .   (shield currently unavailable)
rNeg     + + +     Faith    .   (armour currently unavailable)
rPois    ∞         Spirit   .   (helmet currently unavailable)
rElec    .         Reflect  +   (cloak currently unavailable)
rCorr    .         Harm     .   (gloves currently unavailable)
MR       +....                  (boots currently unavailable)
Stlth    +++++++...             h - +3 amulet of reflection
HPRegen  0.00/turn              (ring currently unavailable)
MPRegen  0.14/turn              (ring currently unavailable)

@: bat-form, flying, bloodless, non-regenerating, very quick
A: tiny, fangs 3, see invisible
a: End Transformation, Draw Escape, Draw Destruction, Draw Summoning, Triple
Draw, Deal Four, Stack Five, Renounce Religion


You were on level 2 of the Lair of Beasts.
You worshipped Nemelex Xobeh.
Nemelex Xobeh was extremely pleased with you.
You were bloodless.
You were in vampire-bat-form.
You visited 3 branches of the dungeon, and saw 14 of its levels.

You collected 680 gold pieces.

Inventory:

Hand Weapons
 a - a +3 dagger
 b - a +1 rapier of draining (melded)
 N - a +0 dagger of venom
 U - a +1 scimitar of flaming
 V - a +4 falchion
Missiles
 l - a throwing net
 P - 6 javelins of penetration (quivered)
Armour
 i - a +0 helmet (melded)
 s - a +0 cloak (melded)
 t - a +0 pair of boots (melded)
 u - a +2 robe of positive energy (melded)
 O - a +2 scale mail of poison resistance
Jewellery
 h - a +3 amulet of reflection (around neck)
 y - a +2 ring of evasion (melded)
 G - an uncursed ring of fire
 L - the ring "Rogefag" (melded) {+Fly rElec rF+ rC- MP+9 Int+7}
   (You took it off an orc warrior on level 9 of the Dungeon)

   [ring of flight]

   It affects your intelligence (+7).
   It protects you from fire.
   It makes you vulnerable to cold.
   It insulates you from electricity.
   It affects your magic capacity (+9).
   It lets you fly.
 S - an uncursed amulet of magic regeneration {unknown}
Wands
 K - a wand of disintegration (21)
 T - a wand of paralysis (5)
Scrolls
 e - 2 scrolls of blinking
 f - a scroll of enchant weapon {unknown}
 g - 4 scrolls of identify
 m - 9 scrolls of remove curse
 p - 6 scrolls of teleportation
 q - a scroll of random uselessness {unknown}
 r - 4 scrolls of immolation
 D - 3 scrolls of fear {unknown}
 E - 3 scrolls of fog {unknown}
 I - a scroll of enchant armour {unknown}
 J - a scroll of noise {unknown}
 M - a scroll of acquirement {unknown}
 Q - a scroll of magic mapping {unknown}
 R - a scroll of amnesia {unknown}
 W - a scroll of torment {unknown}
Potions
 c - 2 potions of berserk rage
 d - 29 potions of blood
 j - 6 potions of curing
 k - a potion of magic {unknown}
 n - a potion of haste {unknown}
 o - 3 potions of agility
 v - a potion of invisibility {unknown}
 w - 3 potions of flight
 x - 2 potions of cancellation {unknown}
 z - 2 potions of lignification
 A - a potion of ambrosia {unknown}
 C - 3 potions of brilliance {unknown}
 F - 2 potions of degeneration {unknown}
 H - a potion of mutation {unknown}


   Skills:
 - Level 6.2 Fighting
 - Level 14.0 Short Blades
 + Level 6.6 Dodging
 - Level 10.1 Stealth
 - Level 2.7 Spellcasting
 - Level 2.0 Conjurations
 + Level 9.5 Hexes
 - Level 2.2 Fire Magic
 - Level 5.4 Invocations


You had 2 spell levels left.
You knew the following spells:

 Your Spells              Type           Power        Failure   Level  Hunger
a - Corona                Hex            #####..      1%          1    None
b - Confuse               Hex            #####...     1%          3    ###....
c - Tukima's Dance        Hex            #####...     1%          3    ###....
d - Dazzling Spray        Conj/Hex       ###...       4%          3    ###....
e - Conjure Flame         Conj/Fire      ##......     19%         3    ###....

Your spell library contained the following spells:

 Spells                   Type           Power        Failure   Level  Hunger
 Confusing Touch          Hex            #####.       1%          1    None
 Ensorcelled Hibernation  Hex/Ice        ###...       3%          2    ##.....
 Flame Tongue             Conj/Fire      ##...        6%          1    None
 Throw Flame              Conj/Fire      ##....       10%         2    ##.....
 Animate Skeleton         Necr           N/A          16%         1    None
 Apportation              Tloc           #.....       16%         1    None
 Summon Small Mammal      Summ           #...         16%         1    None
 Inner Flame              Hex/Fire       ###.....     4%          3    ###....
 Sticky Flame             Conj/Fire      ##......     54%         4    ####...
 Fireball                 Conj/Fire      ##........   87%         5    ######.


Dungeon Overview and Level Annotations

Branches:
Dungeon (11/15)            Temple (1/1) D:4            Lair (2/6) D:9
    Orc (0/2) D:9
  Swamp: Lair:2-4    Shoals: Lair:2-4     Snake: Lair:2-4    Spider: Lair:2-4

Altars:
Ashenzari
Cheibriados
Dithmenos
Elyvilon
Fedhas
Gozag
Hepliaklqana
Kikubaaqudgha
Makhleb
Nemelex Xobeh
Okawaru
Qazlal
Ru
Sif Muna
Trog
Uskayaw
Vehumet
Wu Jian
Xom
Yredelemnul
Zin
The Shining One

Shops:
D:4 %

Annotations:
D:3 exclusion: wight
D:6 1 runed translucent door, kalagan's ghost, novice DESu
Lair:1 exclusion: oklob plant


Innate Abilities, Weirdness & Mutations

You do not heal naturally.
You are immune to poison.
You have razor-sharp teeth.
You have supernaturally acute eyesight. (SInv)
((You can survive without breathing.))


Message History

* * * LOW HITPOINT WARNING * * *
The eight-headed hydra closely misses you.
The eight-headed hydra bites you!
* * * LOW HITPOINT WARNING * * *
You turn into a vampire bat.
Your +1 rapier of draining melds into your body.
Your +0 cloak melds into your body.
Your +0 helmet melds into your body.
Your +0 pair of boots melds into your body.
Your +2 robe of positive energy melds into your body.
Your +2 ring of evasion melds into your body.
The ring "Rogefag" {+Fly rElec rF+ rC- MP+9 Int+7} melds into your body.
You feel less protected from negative energy.
The eight-headed hydra closely misses you.
The eight-headed hydra bites you!
* * * LOW HITPOINT WARNING * * *
The eight-headed hydra completely misses you.
The eight-headed hydra barely misses you.
The eight-headed hydra bites you!
You die...
Your body glows with a rainbow of weird colours and disappears.

......###P...####.#.....#........
.......##....####................
........#.......#................
............................P....
.................................
...............♣.♣♣..♣..#...P....
........P...♣♣♣♣♣♣♣.♣♣♣♣♣...##...
..........♣♣♣≈..♣♣♣♣♣≈≈≈♣...#.#..
.........♣♣§§≈.Db§§♣≈≈≈≈♣........
.........♣§§≈§≈♣..§♣≈≈≈≈♣........
........♣♣§§§≈≈♣♣♣§♣≈≈≈≈♣........
........♣.§♣§§≈ ♣.÷≈≈≈≈♣........
.).....P♣§ ♣≈≈§ ♣.(.≈≈≈♣........
##.###..♣ .§§§ ♣♣..≈≈..........
.### #..♣ .§§§§ ♣♣.♣≈..........
.P####.##♣.§♣§§ ♣♣♣♣.♣#.......
.###P..# ♣♣♣........


You could see an eight-headed hydra.

Vanquished Creatures
  A death yak (D:9)
  An unseen horror (D:11)
  A centaur zombie (D:11)
  A black mamba (Lair:1)
  A spiny frog (Lair:1)
  2 komodo dragons (Lair:1)
  A troll (D:10)
  2 hornets (D:11)
  4 blink frogs (Lair:1)
  3 hippogriffs
  4 yaks (Lair:1)
  3 water elementals
  A basilisk (Lair:2)
  Menkaure (D:6)
  Duvessa (D:4)
  3 water moccasins
  A soldier ant (D:11)
  5 porcupines
  17 ice beasts
  3 orc warriors
  3 phantoms
  2 sky beasts
  6 wolves (Lair:2)
  An eye of draining (D:11)
  10 ogres
  7 centaurs
  5 crocodiles
  A big kobold (D:9)
  6 bullfrogs
  4 gnoll sergeants (D:9)
  Dowan (D:4)
  A water moccasin zombie (D:11)
  2 scorpions
  3 wights
  4 electric eels (D:11)
  5 crimson imps
  A bullfrog zombie (D:6)
  5 hounds
  A bullfrog skeleton (D:11)
  A centaur skeleton (D:4)
  3 iguanas
  11 worker ants
  Natasha (thrice) (D:3)
  5 orc wizards
  2 hell rats (D:9)
  A hound skeleton (D:6)
  A mummy (D:6)
  A howler monkey zombie (D:9)
  8 gnolls
  12 adders
  3 river rats (D:9)
  2 shadow imps
  3 oozes
  2 adder zombies
  5 worms
  3 leopard geckos
  34 orcs
  A ball python (D:3)
  6 bats
  7 giant cockroaches
  8 hobgoblins
  10 jackals
  4 quokkas
  4 frilled lizards
  10 goblins
  4 kobolds
  A leopard gecko zombie (D:8)
  16 rats
295 creatures vanquished.

Vanquished Creatures (collateral kills)
  2 death yaks (D:9)
  Urug (Lair:1)
  An efreet (D:10)
  2 orc warriors
  An ogre (D:7)
  2 gnoll sergeants (D:9)
  4 wights
  A crimson imp (D:8)
  An orc priest (D:8)
  A gnoll (D:9)
  An orc (D:5)
17 creatures vanquished.

Vanquished Creatures (others)
  A spiny frog (Lair:2)
  5 dancing weapons
  A fungus (Lair:1)
7 creatures vanquished.

Grand Total: 319 creatures vanquished

Notes
Turn   | Place    | Note
-------+----------+-------------------------------------------
     0 | D:1      | Matador8 the Vampire Enchanter began the quest for the Orb.
     0 | D:1      | Reached XP level 1. HP: 13/13 MP: 3/3
   497 | D:1      | Reached XP level 2. HP: 9/19 MP: 3/5
   694 | D:1      | Reached skill level 2 in Short Blades
  1517 | D:1      | Reached skill level 5 in Stealth
  1649 | D:1      | Reached XP level 3. HP: 16/24 MP: 4/6
  1715 | D:1      | Learned a level 3 spell: Confuse
  2115 | D:2      | Reached skill level 5 in Hexes
  2263 | D:2      | Reached skill level 3 in Short Blades
  2266 | D:2      | Reached XP level 4. HP: 30/30 MP: 4/7
  3166 | D:3      | Found a basalt altar of Yredelemnul.
  3252 | D:3      | Noticed Natasha
  3254 | D:3      | Killed Natasha
  3342 | D:3      | Noticed Natasha
  3359 | D:3      | Killed Natasha
  3359 | D:3      | Reached XP level 5. HP: 35/35 MP: 0/8
  3418 | D:3      | Reached skill level 4 in Short Blades
  3970 | D:3      | Noticed Natasha
  3979 | D:3      | Killed Natasha
  3995 | D:3      | Learned a level 3 spell: Tukima's Dance
  4013 | D:4      | Found Ewum's Food Shop.
  4059 | D:4      | Reached XP level 6. HP: 37/41 MP: 6/9
  4308 | D:4      | Reached skill level 5 in Short Blades
  4383 | D:4      | Found a staircase to the Ecumenical Temple.
  4399 | Temple   | Entered the Ecumenical Temple
  4433 | Temple   | HP: 1/41 [phantom (5)]
  4747 | D:4      | Noticed Duvessa
  4750 | D:4      | Found a hazy altar of Hepliaklqana.
  4751 | D:4      | Noticed Dowan
  5420 | Temple   | Became a worshipper of Nemelex Xobeh the Trickster
  5546 | D:4      | Received a gift from Nemelex Xobeh
  5566 | D:4      | Killed Duvessa
  5566 | D:4      | Reached skill level 6 in Short Blades
  5566 | D:4      | Reached XP level 7. HP: 46/46 MP: 10/10
  5603 | D:4      | Reached skill level 1 in Invocations
  5607 | D:4      | Killed Dowan
  5820 | D:4      | Learned a level 3 spell: Dazzling Spray
  5822 | D:5      | Entered Level 5 of the Dungeon
  5841 | D:5      | Found an ornate altar of the Wu Jian Council.
  5948 | D:5      | Reached skill level 7 in Short Blades
  6194 | D:5      | HP: 1/46 [ogre/+0 giant spiked club (13)]
  6253 | D:5      | Reached XP level 8. HP: 10/52 MP: 6/11
  6639 | D:5      | Found a shimmering altar of Xom.
  6736 | D:5      | Reached skill level 8 in Short Blades
  6804 | D:5      | Reached * piety under Nemelex Xobeh
  7127 | D:6      | Noticed Menkaure
  7169 | D:6      | Reached skill level 9 in Short Blades
  7318 | D:6      | Killed Menkaure
  7481 | D:6      | Found a runed translucent door.
  7482 | D:6      | Noticed kalagan's ghost (novice DESu)
  7616 | D:6      | Reached skill level 10 in Short Blades
  7721 | D:6      | Found a snail-covered altar of Cheibriados.
  8034 | D:7      | Reached skill level 1 in Conjurations
  8052 | D:7      | Noticed a hippogriff
  8139 | D:7      | Reached XP level 9. HP: 57/57 MP: 6/12
  8253 | D:7      | Reached ** piety under Nemelex Xobeh
  8303 | D:7      | Received a gift from Nemelex Xobeh
  8555 | D:7      | Reached skill level 1 in Fighting
  8890 | D:8      | Received a gift from Nemelex Xobeh
  9902 | D:8      | Received a gift from Nemelex Xobeh
  9920 | D:8      | Noticed an angel
  9927 | D:8      | Found a shimmering altar of Xom.
  9930 | D:8      | Found a glowing silver altar of Zin.
 10065 | D:8      | Reached skill level 5 in Invocations
 10072 | D:8      | Reached *** piety under Nemelex Xobeh
 10130 | D:8      | Found a shadowy altar of Dithmenos.
 10152 | D:8      | Received a gift from Nemelex Xobeh
 10157 | D:8      | Found a sacrificial altar of Ru.
 10452 | D:8      | Found a hide-covered altar of Uskayaw.
 10968 | D:9      | Found a bloodstained altar of Trog.
 11063 | D:9      | Identified the ring "Rogefag" {+Fly rElec rF+ rC- MP+9
                  | Int+7}
 11122 | D:9      | Found a white marble altar of Elyvilon.
 11196 | D:9      | Received a gift from Nemelex Xobeh
 11198 | D:9      | Reached **** piety under Nemelex Xobeh
 11566 | D:9      | Noticed a death yak
 11653 | D:9      | Noticed a death yak
 11730 | D:9      | Found a staircase to the Orcish Mines.
 11730 | D:9      | Noticed a troll
 11809 | D:9      | Found a radiant altar of Vehumet.
 12060 | D:9      | Reached XP level 10. HP: 73/73 MP: 9/14
 12334 | D:9      | Reached skill level 5 in Fighting
 12379 | D:9      | Reached skill level 5 in Dodging
 12576 | D:10     | Entered Level 10 of the Dungeon
 13154 | D:10     | Received a gift from Nemelex Xobeh
 13838 | D:11     | Noticed an unseen horror
 13845 | D:11     | Killed an unseen horror
 13985 | D:11     | Noticed a green ugly thing
 13985 | D:11     | Noticed a red ugly thing
 14690 | D:11     | Noticed a frost giant
 14777 | D:10     | Reached skill level 10 in Stealth
 15244 | D:11     | Reached skill level 11 in Short Blades
 15274 | D:11     | Received a gift from Nemelex Xobeh
 15303 | D:11     | Found an ancient bone altar of Kikubaaqudgha.
 15342 | D:11     | Reached XP level 11. HP: 73/81 MP: 15/15
 15433 | D:11     | Reached ***** piety under Nemelex Xobeh
 15570 | D:11     | Reached skill level 12 in Short Blades
 15975 | D:9      | Found a staircase to the Lair.
 15981 | D:9      | Noticed a death yak
 15984 | D:9      | Killed a death yak
 15988 | D:9      | Identified the +0 quarterstaff of Duonlaumn {crush, rC++}
 16001 | D:9      | Killed a death yak
 16008 | D:9      | Killed a death yak
 16028 | Lair:1   | Entered Level 1 of the Lair of Beasts
 16028 | Lair:1   | Noticed an oklob plant
 16034 | Lair:1   | Received a gift from Nemelex Xobeh
 16037 | Lair:1   | Reached skill level 13 in Short Blades
 16407 | Lair:1   | Found a blossoming altar of Fedhas.
 16488 | Lair:1   | Reached skill level 14 in Short Blades
 16627 | Lair:1   | Learned a level 3 spell: Conjure Flame
 16641 | Lair:1   | Noticed Urug
 16651 | Lair:1   | Killed Urug
 16651 | Lair:1   | Reached skill level 1 in Fire Magic
 16891 | Lair:2   | Received a gift from Nemelex Xobeh
 17217 | Lair:2   | Received a gift from Nemelex Xobeh
 17689 | Lair:2   | Noticed an eight-headed hydra
 17690 | Lair:2   | Noticed a five-headed hydra
 17691 | Lair:2   | Noticed a queen ant
 17691 | Lair:2   | a five-headed hydra changed into a queen ant
 17695 | Lair:2   | HP: 1/81 [eight-headed hydra (10)]
 17697 | Lair:2   | Mangled by an eight-headed hydra

Skill      XL: |  1  2  3  4  5  6  7  8  9 10 11 |
---------------+----------------------------------+-----
Short Blades   | 2 3 4 6 7 10 11 14 | 14.0
Stealth        | 5 6 7 10 | 10.1
Hexes          | 5 6 7 8 9 |  9.5
Invocations    | 1 2 5 |  5.4
Conjurations   | 1 2 |  2.0
Fighting       | 4 5 6 |  6.2
Dodging        | 4 5 6 |  6.6
Fire Magic     | 2 |  2.2
Spellcasting   | |  2.7

Action                   |  1- 3 |  4- 6 |  7- 9 | 10-12 || total
-------------------------+-------+-------+-------+-------++-------
Melee: Dagger            |   133 |   221 |   533 |    58 ||   945
       Bite              |     9 |    12 |    42 |    55 ||   118
       Rapier            |       |       |    29 |   421 ||   450
 Cast: Corona            |    33 |    51 |    54 |     2 ||   140
       Confuse           |     1 |    11 |    39 |    57 ||   108
       Tukima's Dance    |       |       |    18 |    23 ||    41
       Dazzling Spray    |       |       |       |     5 ||     5
 Abil: Bat Form          |       |     2 |     1 |     1 ||     4
       End Transformatio |       |     2 |     1 |       ||     3
       Draw Destruction  |       |       |     1 |    16 ||    17
       Draw Summoning    |       |       |     1 |     5 ||     6
  Use: Potion            |     6 |     7 |    15 |    12 ||    40
       Scroll            |       |     2 |     4 |     5 ||    11
 Stab: Sleeping          |    10 |    19 |    24 |    12 ||    65
       Confused          |     1 |     4 |    23 |    39 ||    67
       Distracted        |       |       |     2 |     2 ||     4
Armor: Robe              |    25 |       |       |    28 ||    53
       Leather armour    |       |    41 |    73 |    12 ||   126
Dodge: Dodged            |   119 |    80 |   226 |   232 ||   657
Block: Other             |       |       |    27 |    27 ||    54
       Reflection        |       |       |     1 |     2 ||     3
